 Dungeon Crawl Stone Soup version 0.16-a0-3855-gd2600ac (webtiles) character file.

816 ketsa the Archer (level 7, -1/60 HPs)
             Began as a Centaur Hunter on Jan 31, 2015.
             Was a Believer of the Shining One.
             Slain by a mummy (13 damage)
             ... in an ossuary.
             The game lasted 00:23:02 (6685 turns).

ketsa the Archer (Centaur Hunter)                   Turns: 6685, Time: 00:23:04

Health: -1/60      AC:  9    Str: 20    XL:     7   Next: 62%
Magic:  2/5        EV: 10    Int: 10    God:    the Shining One [**....]
Gold:   255        SH:  6    Dex: 11    Spells: 0 memorised, 6 levels left

rFire  + + +     SeeInvis .       - Unarmed
rCold  . . .     Clarity  .     M - +2 leather armour {rF+}
rNeg   + . .     SustAb   .     (no shield)
rPois  +         Gourm    .     j - +0 helmet
rElec  +         Spirit   .     r - +1 cloak
rCorr  +         Warding  .     (no gloves)
rMut   .         Stasis   .     (no barding)
MR     .....                    (no amulet)
Stlth  +.........               h - +5 ring of strength
                                y - ring of fire

@: divine shield, resistant, glowing, very quick, not resistant to hostile
enchantments, very unstealthy
A: hooves 3, deformed body, speed 2, tough skin 3
a: Divine Shield, Renounce Religion


You were in an ossuary.
You worshipped the Shining One.
The Shining One was pleased with you.
You were hungry.

You visited 1 branch of the dungeon, and saw 5 of its levels.
You also visited: Ossuary.

You collected 255 gold pieces.

Inventory:

Hand weapons
 a - a +0 short sword
 b - a +1 shortbow
 n - a cursed +0 hunting sling
 K - a cursed +0 flail
Missiles
 c - 14 arrows
 G - 8 arrows of frost
Armour
 d - a cursed +0 leather armour
 e - a +0 leather armour
 j - a +0 helmet (worn)
 r - a +1 cloak (worn)
 s - a +0 ring mail
 I - a +0 chain mail
 M - a +2 leather armour of fire resistance (worn)
Jewellery
 h - a +5 ring of strength (right hand)
 y - a ring of fire (left hand)
Magical devices
 B - a wand of heal wounds (9)
Scrolls
 m - 4 scrolls of identify
 p - 2 scrolls of amnesia
 q - 3 scrolls of immolation
Potions
 C - a potion of brilliance {unknown}
 D - a potion of degeneration {unknown}
 E - a potion of flight {unknown}
 F - a potion of poison {unknown}
Comestibles
 g - 2 meat rations
 t - a bread ration
 A - 2 chunks of flesh
 H - 2 beef jerkies


   Skills:
 + Level 4.6 Fighting
 + Level 8.2 Bows
 + Level 2.0 Dodging
 - Level 0.5 Stealth
 + Level 5.1 Unarmed Combat


You had 6 spell levels left.
You didn't know any spells.

Dungeon Overview and Level Annotations

Branches:
Dungeon (5/15)
 Temple: D:4-7

Altars:
Cheibriados
Fedhas
Kikubaaqudgha
Makhleb
Okawaru
Ru
Zin
The Shining One


Innate Abilities, Weirdness & Mutations

You have hooves in place of feet.
Armour fits poorly on your strangely shaped body.
You cover ground very quickly.
You have extremely tough skin (AC +3).


Message History

You block the mummy's attack. The mummy hits you.
You hit the mummy.
The mummy is heavily damaged.
You punch the mummy! Your punch misses the mummy.
The mummy is severely damaged.
The mummy closely misses you. The mummy hits you!
* * * LOW HITPOINT WARNING * * *
You hit the mummy.
The mummy is almost destroyed.
The mummy hits you!
* * * LOW HITPOINT WARNING * * *
Drink which item? (? for menu, Esc to quit)
You feel better. The mummy closely misses you.
You punch the mummy!
You destroy the mummy!
The Shining One accepts your kill.
You feel nervous for a moment...
Your +0 leather armour glows black for a moment.
The mummy hits you!
You die...

#######
#.#.#@#
#...M.#
##...##
#.∩.#
#...#
#.∩.#
#...#
##+##


You could see a mummy.

Vanquished Creatures
  Eustachio (D:3)
  Menkaure (D:4)
  Duvessa (D:4)
  A scorpion (D:4)
  The ghost of timbw the Sneak, a weakling HuEn (D:4)
  Dowan (D:4)
  A centaur skeleton (D:4)
  A gnoll shaman (D:4)
  A worker ant (D:4)
  An orc wizard (D:4)
  2 mummies (Ossuary)
  Robin (D:4)
  6 gnolls (D:4)
  5 adders
  2 giant mites
  A worm (D:3)
  An ooze (D:3)
  2 orcs (D:4)
  12 bats
  8 giant cockroaches
  15 goblins
  9 hobgoblins
  6 jackals (D:2)
  A quokka (D:3)
  A ball python (D:1)
  4 giant geckos
  A giant gecko skeleton (D:4)
  4 giant newts
  A jackal skeleton (D:4)
  13 kobolds
  A quokka skeleton (D:4)
  10 rats
116 creatures vanquished.

Vanquished Creatures (others)
  3 plants (D:4)
3 creatures vanquished.

Grand Total: 119 creatures vanquished

Notes
Turn   | Place    | Note
--------------------------------------------------------------
     0 | D:1      | ketsa, the Centaur Hunter, began the quest for the Orb.
     0 | D:1      | Reached XP level 1. HP: 17/17 MP: 1/1
   384 | D:1      | Reached XP level 2. HP: 11/25 MP: 2/2
  1376 | D:1      | Reached skill level 6 in Bows
  1506 | D:1      | Reached XP level 3. HP: 14/30 MP: 3/3
  2347 | D:2      | Found an iron altar of Okawaru.
  2442 | D:2      | Reached skill level 1 in Unarmed Combat
  2585 | D:2      | Found a burning altar of Makhleb.
  3023 | D:3      | Reached XP level 4. HP: 30/37 MP: 3/3
  3649 | D:3      | Found a glowing golden altar of the Shining One.
  3655 | D:3      | Became a worshipper of the Shining One
  3985 | D:4      | Noticed Robin
  4023 | D:4      | Reached XP level 5. HP: 43/45 MP: 4/4
  4154 | D:4      | Killed Robin
  4210 | D:4      | Noticed Menkaure
  4451 | D:4      | Noticed Eustachio
  4703 | D:4      | Noticed timbw's ghost (weakling HuEn)
  4736 | D:3      | Killed Eustachio
  4736 | D:3      | Reached skill level 7 in Bows
  4736 | D:3      | Reached XP level 6. HP: 41/52 MP: 5/5
  4938 | D:4      | Found a blossoming altar of Fedhas.
  4939 | D:4      | Found an ancient bone altar of Kikubaaqudgha.
  4963 | D:4      | Acquired the Shining One's first power
  5513 | D:4      | Killed Menkaure
  5741 | D:4      | Reached XP level 7. HP: 41/59 MP: 5/5
  6138 | D:4      | Noticed Duvessa
  6170 | D:4      | Killed timbw's ghost
  6244 | D:4      | Killed Duvessa
  6244 | D:4      | Reached skill level 8 in Bows
  6244 | D:4      | Reached skill level 5 in Unarmed Combat
  6444 | D:4      | Noticed Dowan
  6450 | D:4      | Killed Dowan
  6522 | D:4      | Found a glowing silver altar of Zin.
  6623 | D:5      | Entered Level 5 of the Dungeon
  6623 | D:5      | Found a sacrificial altar of Ru.
  6623 | D:5      | Found a snail-covered altar of Cheibriados.
  6650 | D:5      | Found a sand-covered staircase.
  6660 | Ossuary  | Entered an ossuary
  6660 | Ossuary  | Acquired the Shining One's second power
  6683 | Ossuary  | HP: 1/60 [mummy (15)]
  6685 | Ossuary  | Slain by a mummy

Action                   |  1- 3 |  4- 6 |  7- 9 || total
-------------------------+-------+-------+-------++-------
Melee: Short sword       |    19 |       |       ||    19
       Unarmed           |   207 |   202 |   108 ||   517
 Fire: Shortbow          |    19 |     9 |    20 ||    48
Invok: Divine Shield     |       |       |     1 ||     1
  Use: Scroll            |       |       |     9 ||     9
       Potion            |       |       |     4 ||     4
  Eat: Chunk             |     1 |     8 |     2 ||    11
       Bread ration      |     1 |       |       ||     1
